 Dungeon Crawl Stone Soup version 0.30-a0-1066-g63dfefce0d (webtiles) character file.

Game seed: 16810785087135850026

326 jasper the Magician (level 6, -7/40 HPs)
             Began as a Djinni Venom Mage on Apr 12, 2023.
             Mangled by an ice beast (19 damage)
             ... on level 5 of the Dungeon.
             The game lasted 00:07:35 (4431 turns).

jasper the Magician (Djinni Venom Mage)             Turns: 4431, Time: 00:07:35

Health: -7/40      AC:  3    Str:  7    XL:     6   Next: 78%
Gold:   189        EV: 12    Int: 18    God:
                   SH:  0    Dex: 14

rFire   + + .      SeeInvis .    e - +0 short sword
rCold   x . .      Faith    .    (no shield)
rNeg    . . .      Spirit   .    a - +0 robe
rPois   ∞          Reflect  .    s - +0 helmet
rElec   .          Rampage  .    (no cloak)
rCorr   .                        (no gloves)
Will    .....                    (boots unavailable)
Stlth   ++                       (no amulet)
HPRegen 0.26/turn                (no ring)
MPRegen 0.00/turn                (no ring)

@: flying
A: sickness immunity, fire resistance 2, cold vulnerability 1, float, innate
caster, HP casting, extra vitality 1
a: no special abilities


You were on level 5 of the Dungeon.
You visited 1 branch of the dungeon, and saw 5 of its levels.

You collected 189 gold pieces.

Inventory:

Hand Weapons
 e - a +0 short sword (weapon)
Missiles
 c - 4 datura-tipped darts
 h - 6 silver javelins
Armour
 a - a +0 robe (worn)
 o - +1 pearl dragon scales
 s - a +0 helmet (worn)
 v - a +0 pair of gloves
Magical Staves
 l - a staff of death
Jewellery
 q - a ring of fire
Wands
 m - a wand of digging (5)
Scrolls
 k - a scroll of vulnerability
 r - a scroll of identify
 t - a scroll of fog
Potions
 b - 2 potions of mutation
 d - 3 potions of magic
 g - a potion of attraction {unknown}
 i - 2 potions of haste {unknown}
 j - a potion of brilliance {unknown}
 n - a potion of flight {unknown}
 p - a potion of cancellation {unknown}
 w - a potion of berserk rage {unknown}


   Skills:
 - Level 2.1 Dodging
 - Level 1.5 Stealth
 + Level 5.4 Spellcasting


You knew the following spells:

 Your Spells              Type           Power      Damage    Failure   Level
a - Sting                 Tmut/Pois      96%        1d7       1%          1
b - Poisonous Vapours     Pois/Air       48%        N/A       1%          2
c - Mephitic Cloud        Conj/Pois/Air  24%        N/A       4%          3
d - Olgreb's Toxic Radia  Pois           24%        N/A       13%         4
e - Summon Small Mammal   Summ           96%        N/A       1%          1
f - Momentum Strike       Conj/Tloc      48%        3d9       1%          2
Your spell library was empty.

Dungeon Overview and Level Annotations

Branches:
Dungeon (5/15)
 Temple: D:4-7

Altars:
Yredelemnul

Shops:
D:4 =(


Innate Abilities, Weirdness & Mutations

You are immune to sickness and miasma.
You are immune to poison.
Your flesh is very heat resistant. (rF++)
You are vulnerable to cold. (rC-)
You float through the air rather than walking.
You learn spells naturally, not from books.
Your magical power is your life essence.
You have superior vitality. (+4 MHP)


Message History

HP restored.
d - 3 potions of magic (gained 1)
An ice beast comes into view.
Health restored: 40 An ice beast is nearby!
Aiming: Sting (safe; 1% risk of failure)
Press: ? - help, Q - select action, (/) - cycle Shift-Dir - straight line, f - ice beast
Aim: an ice beast (asleep, 100% to hit)
The sting hits the ice beast but does no damage.
The ice beast is poisoned.
You take 1 damage, and have 39/40 hp.
Aiming: Sting (safe; 1% risk of failure)
Press: ? - help, Q - select action, (/) - cycle Shift-Dir - straight line, f/p - ice beast
Aim: an ice beast (poisoned, 76% to hit)
The sting hits the ice beast.
The ice beast partially resists.
The ice beast looks even sicker.
The ice beast is lightly wounded.
The ice beast hits you. The ice beast freezes you!
You feel a terrible chill!
You take 18 damage, and have 21/40 hp.
MASSIVE DAMAGE!!
Aiming: Sting (safe; 1% risk of failure)
Press: ? - help, Q - select action, (/) - cycle Shift-Dir - straight line, f/p - ice beast
Aim: an ice beast (lightly wounded, very poisoned, 76% to hit)
The sting misses the ice beast.
The ice beast barely misses you.
You take 1 damage, and have 20/40 hp.
The ice beast attacks as you move away! The ice beast hits you.
The ice beast freezes you!
You feel a terrible chill!
* * * LOW HITPOINT WARNING * * *
You take 17 damage, and have 3/40 hp.
MASSIVE DAMAGE!!
You feel much better. The ice beast closely misses you.
You regained 31 hp, and now have 34/40 hp.
The ice beast attacks as you move away! The ice beast hits you.
The ice beast freezes you!!
You feel a terrible chill!
You take 19 damage, and have 15/40 hp.
MASSIVE DAMAGE!!
As you read the scroll labelled ZUBROPPE HIHY, it crumbles to dust.
It is a scroll of amnesia.
You feel forgetful for a moment. The ice beast hits you.
* * * LOW HITPOINT WARNING * * *
The ice beast freezes you!!
You feel a terrible chill!
You die...

## ######### #.
........# #. ##.##
#####.##### ##...##
#.?.......###.###.##
#.###.###.##.##
##.######### #.
#.Y@.# #..........
#. ####.#
#.......### .. ##.#
#.######.# #. #....
#.# .. ...#. #.# #.
#..#. #.# ....#. #.#
## #. #.# #.#


You could see an ice beast (poisoned).

Vanquished Creatures
  A hound (D:5)
  Terence (D:2)
  A sleepcap (D:4)
  Jessica (D:2)
  An iguana (D:4)
  2 orc wizards (D:4)
  4 adders
  An ufetubus (D:3)
  4 worms
  9 orcs (D:4)
  5 bats
  7 endoplasms
  A giant cockroach (D:4)
  9 hobgoblins
  9 kobolds
  3 quokkas
  9 ball pythons
  5 frilled lizards
  7 goblins
  5 rats
85 creatures vanquished.

Notes
Turn   | Place    | Note
-------+----------+-------------------------------------------
     0 | D:1      | jasper the Djinni Venom Mage began the quest for the Orb.
     0 | D:1      | jasper set off with the following spells memorised: Sting,
                  | Poisonous Vapours, Mephitic Cloud, Olgreb's Toxic Radiance.
     0 | D:1      | Reached XP level 1. HP: 15/15 MP: 0/0
   276 | D:1      | Reached XP level 2. HP: 17/21 MP: 0/0
   383 | D:1      | Reached skill level 3 in Spellcasting
   575 | D:1      | Reached XP level 3. HP: 24/25 MP: 0/0
   575 | D:1      | Learned a level 1 spell: Summon Small Mammal
  1495 | D:2      | Noticed Jessica
  1501 | D:2      | Killed Jessica
  1502 | D:2      | Reached XP level 4. HP: 12/31 MP: 0/0
  1576 | D:2      | Reached skill level 4 in Spellcasting
  1695 | D:2      | Noticed Terence
  1710 | D:2      | Killed Terence
  1711 | D:2      | Reached XP level 5. HP: 29/35 MP: 0/0
  1711 | D:2      | Learned a level 2 spell: Momentum Strike
  3326 | D:4      | Reached XP level 6. HP: 34/40 MP: 0/0
  3339 | D:4      | Reached skill level 5 in Spellcasting
  3414 | D:4      | Found Ranel's Jewellery Boutique.
  3647 | D:4      | Found a basalt altar of Yredelemnul.
  3871 | D:4      | Noticed a black bear
  4024 | D:4      | Found Bodinig's Antique Weapon Shop.
  4305 | D:5      | Entered Level 5 of the Dungeon
  4421 | D:5      | Noticed an ice beast
  4431 | D:5      | Mangled by an ice beast

Illustrated notes

Levels and vault maps discovered:
D:1:      elethiomel_arrival_maze, layout_loops_ring, minmay_misc_feat_encased,
          minmay_misc_feat_secret_circle, st_stairs_5
D:2:      layout_basic, uniq_jessica, uniq_terence
D:3:      layout_loops_corners, kennysheep_generic_room_6
D:4:      layout_basic, mainiacjoe_overflow_alcove_4, serial_shops,
          nicolae_shop_behind_doors, chequers_serial_rivers_large_b,
          minmay_shop_enchanted_jewellery
D:5:      layout_loops_ring, temple_fountains

Skill      XL: |  1  2  3  4  5  6 |
---------------+-------------------+-----
Spellcasting   | 3 4 5 |  5.4
Dodging        | |  2.1
Stealth        | |  1.5

Action                     |  1- 3 |  4- 6 || total
---------------------------+-------+-------++-------
  Melee: Short sword       |    12 |    33 ||    45
         Punch             |       |     1 ||     1
   Cast: Sting             |    66 |    59 ||   125
         Poisonous Vapours |     2 |    37 ||    39
         Olgreb's Toxic Ra |       |     5 ||     5
    Use: Scroll            |     4 |     5 ||     9
         Potion            |       |     1 ||     1
 Armour: Robe              |    10 |     9 ||    19
  Dodge: Dodged            |    32 |    32 ||    64

Table legend: (Time is in decaauts)
 A = Elapsed time spent in this place.
 B = Non-inter-level travel time spent in this place.
 C = Inter-level travel time spent in this place.
 D = Time resting spent in this place.
 E = Time spent auto-exploring this place.
 F = Levels seen in this place.
 G = Mean time per level.
                   A        B        C        D        E       F      G
               +--------+--------+--------+--------+--------+-----+--------+
         Total |   4429 |   4234 |    195 |    184 |   3425 |   5 |  885.8 |
       Dungeon |   4429 |   4234 |    195 |    184 |   3425 |   5 |  885.8 |
               +--------+--------+--------+--------+--------+-----+--------+

Top non-repeatable levels by time:
     D:1: 1099 daAuts
     D:3: 1095 daAuts
     D:2: 1086 daAuts
     D:4: 1021 daAuts
     D:5: 125 daAuts
